TOP OF THE 1ST |
Akron RubberDucks batting - Pitching for Jackson Generals : RHP Devon Washington
|
Pitching: RHP Devon Washington
|
|
Batting: LHB Nick Welling
|
0-0: Ball 1-0: Ball 2-0: Called Strike 2-1: Foul Ball, location: 2F 2-2: SOLO HOME RUN (Flyball, 9LD, EV 96.2 MPH), Distance : 356 ft
|
Batting: LHB Kazuyoshi Nakamura
|
0-0: Called Strike 0-1: Called Strike 0-2: Foul Ball, location: 2F 0-2: Ground out 4-3 (Groundball, 4, EV 84.4 MPH)
|
Batting: RHB Carlos Abrego
|
0-0: Ball 1-0: Foul Ball, location: 2F 1-1: Swinging Strike 1-2: Ball 2-2: Strikes out swinging
|
Batting: SHB Valentin Laporte
|
0-0: Ball 1-0: Foul Ball, location: 2F 1-1: SINGLE (Groundball, 6, EV 110.0 MPH)
|
Batting: LHB Frank Hill
|
0-0: Ball Wild Pitch! Valentin Laporte to second 1-0: Foul Ball, location: 2F 1-1: Ground out 4-3 (Groundball, 4, EV 76.2 MPH)
|
Top of the 1st over - 1 run, 2 hits, 0 errors, 1 left on base; Akron 1 - Jackson 0 |
BOTTOM OF THE 1ST |
Jackson Generals batting - Pitching for Akron RubberDucks : RHP Gordie Pierson
|
Pitching: RHP Gordie Pierson
|
|
Batting: RHB Ryan Criollo
|
0-0: Ball 1-0: Ground out 5-3 (Groundball, 56, EV 90.0 MPH)
|
Batting: LHB Brent Dutcher
|
0-0: Swinging Strike 0-1: Foul Ball, location: 2F 0-2: Strikes out looking
|
Batting: RHB Julian Gregory
|
0-0: Ball 1-0: Called Strike 1-1: SINGLE (Line Drive, 8LS, EV 102.5 MPH)
|
Batting: RHB Mike Conaway
|
0-0: Ball 1-0: Ball 2-0: Called Strike 2-1: Ball 3-1: Fly out, F9 (Flyball, 89D, EV 91.2 MPH)
|
Bottom of the 1st over - 0 runs, 1 hit, 0 errors, 1 left on base; Akron 1 - Jackson 0 |
TOP OF THE 2ND |
Akron RubberDucks batting - Pitching for Jackson Generals : RHP Devon Washington
|
Batting: SHB Jarrod Lindblad
|
0-0: Ball 1-0: Called Strike 1-1: Foul Ball, location: 2F 1-2: Foul Ball, location: 2F 1-2: Strikes out swinging
|
Batting: RHB Mitch Boyd
|
0-0: Ball 1-0: Ball 2-0: Called Strike 2-1: Ball 3-1: Called Strike 3-2: Foul Ball, location: 2F 3-2: SINGLE (Line Drive, 89S, EV 101.2 MPH)
|
Batting: RHB Joeri Plas
|
0-0: Called Strike 0-1: Foul Ball, location: 2F 0-2: Foul Ball, location: 2F 0-2: Ball 1-2: Fly out, F8 (Line Drive, 8LD, EV 90.0 MPH)
|
Batting: SHB Edwin Dominguez
|
0-0: Ball 1-0: Ball Mitch Boyd steals 2nd base 2-0: Called Strike 2-1: Ground out 1-3 (Groundball, 34S, EV 61.9 MPH)
|
Top of the 2nd over - 0 runs, 1 hit, 0 errors, 1 left on base; Akron 1 - Jackson 0 |
BOTTOM OF THE 2ND |
Jackson Generals batting - Pitching for Akron RubberDucks : RHP Gordie Pierson
|
Batting: RHB Hideo Okimura
|
0-0: Called Strike 0-1: SINGLE (Groundball, 6S, EV 67.5 MPH) (infield hit)
|
Batting: RHB Adan Lake
|
0-0: Called Strike 0-1: Ball 1-1: Fly out, F9 (Flyball, 9LM, EV 95.0 MPH)
|
Batting: RHB Victor Rosas
|
0-0: Called Strike 0-1: Swinging Strike 0-2: Ball 1-2: Foul Ball, location: 2F 1-2: Strikes out swinging
|
Batting: RHB Ching-hsia Zhang
|
0-0: DOUBLE (Line Drive, 7LM, EV 99.4 MPH) Hideo Okimura to third
|
Batting: RHB Egidius Kruger
|
0-0: Called Strike 0-1: Ball 1-1: Swinging Strike 1-2: Strikes out swinging
|
Bottom of the 2nd over - 0 runs, 2 hits, 0 errors, 2 left on base; Akron 1 - Jackson 0 |
TOP OF THE 3RD |
Akron RubberDucks batting - Pitching for Jackson Generals : RHP Devon Washington
|
Batting: LHB Nick Welling
|
0-0: Ball 1-0: Called Strike 1-1: Ball 2-1: Fly out, F7 (Line Drive, 7S, EV 85.0 MPH)
|
Batting: LHB Kazuyoshi Nakamura
|
0-0: Called Strike 0-1: Ground out 1-3 (Groundball, 13S, EV 68.8 MPH)
|
Batting: RHB Carlos Abrego
|
0-0: Ball 1-0: Called Strike 1-1: Foul Ball, location: 2F 1-2: Ground out U3 (Groundball, 34, EV 81.9 MPH)
|
Top of the 3rd over - 0 runs, 0 hits, 0 errors, 0 left on base; Akron 1 - Jackson 0 |
BOTTOM OF THE 3RD |
Jackson Generals batting - Pitching for Akron RubberDucks : RHP Gordie Pierson
|
Batting: RHB Ryan Criollo
|
0-0: Ball 1-0: Ground out 4-3 (Groundball, 4, EV 84.4 MPH)
|
Batting: LHB Brent Dutcher
|
0-0: Foul Ball, location: 2F 0-1: Ball 1-1: Ground out 5-3 (Groundball, 56, EV 91.2 MPH)
|
Batting: RHB Julian Gregory
|
0-0: Foul Ball, location: 2F 0-1: Ball 1-1: SOLO HOME RUN (Flyball, 7D, EV 98.8 MPH), Distance : 399 ft
|
Batting: RHB Mike Conaway
|
0-0: Foul Ball, location: 2F 0-1: Ball 1-1: Fly out, F7 (Flyball, 7S, EV 92.5 MPH)
|
Bottom of the 3rd over - 1 run, 1 hit, 0 errors, 0 left on base; Akron 1 - Jackson 1 |
TOP OF THE 4TH |
Akron RubberDucks batting - Pitching for Jackson Generals : RHP Devon Washington
|
Batting: SHB Valentin Laporte
|
0-0: Foul Ball, location: 2F 0-1: Fly out, F3 (Line Drive, 3L, EV 61.9 MPH)
|
Batting: LHB Frank Hill
|
0-0: Ball 1-0: Called Strike 1-1: Ball 2-1: Foul Ball, location: 2F 2-2: Fly out, F7 (Flyball, 7D, EV 96.2 MPH)
|
Batting: SHB Jarrod Lindblad
|
0-0: Called Strike 0-1: Ball 1-1: Ball 2-1: Foul Ball, location: 2F 2-2: Ball 3-2: Foul Ball, location: 2F 3-2: SOLO HOME RUN (Flyball, 9LD, EV 95.6 MPH), Distance : 358 ft
|
Batting: RHB Mitch Boyd
|
0-0: Ball 1-0: Ground out 5-3 (Groundball, 5, EV 85.6 MPH)
|
Top of the 4th over - 1 run, 1 hit, 0 errors, 0 left on base; Akron 2 - Jackson 1 |
BOTTOM OF THE 4TH |
Jackson Generals batting - Pitching for Akron RubberDucks : RHP Gordie Pierson
|
Batting: RHB Hideo Okimura
|
0-0: Foul Ball, location: 2F 0-1: Called Strike 0-2: Ball 1-2: Foul Ball, location: 2F 1-2: Ball 2-2: Foul Ball, location: 2F 2-2: Ball 3-2: Strikes out looking
|
Batting: RHB Adan Lake
|
0-0: Called Strike 0-1: Ball 1-1: Ground out 6-3 (Groundball, 4M, EV 85.6 MPH)
|
Batting: RHB Victor Rosas
|
0-0: Called Strike 0-1: Ball 1-1: Ball 2-1: Called Strike 2-2: Ball 3-2: Fly out, F9 (Flyball, 89S, EV 98.1 MPH)
|
Bottom of the 4th over - 0 runs, 0 hits, 0 errors, 0 left on base; Akron 2 - Jackson 1 |
TOP OF THE 5TH |
Akron RubberDucks batting - Pitching for Jackson Generals : RHP Devon Washington
|
Batting: RHB Joeri Plas
|
0-0: Ball 1-0: Foul Ball, location: 2F 1-1: Ball 2-1: Called Strike 2-2: Strikes out swinging, 2-3 out at first.
|
Batting: SHB Edwin Dominguez
|
0-0: Fly out, F7 (Flyball, 78M, EV 82.5 MPH)
|
Batting: LHB Nick Welling
|
0-0: Called Strike 0-1: Foul Ball, location: 2F 0-2: Ground out 5-3 (Groundball, 5, EV 78.8 MPH)
|
Top of the 5th over - 0 runs, 0 hits, 0 errors, 0 left on base; Akron 2 - Jackson 1 |
BOTTOM OF THE 5TH |
Jackson Generals batting - Pitching for Akron RubberDucks : RHP Gordie Pierson
|
Batting: RHB Ching-hsia Zhang
|
0-0: Ball 1-0: Ball 2-0: Called Strike 2-1: Swinging Strike 2-2: Strikes out looking
|
Batting: RHB Egidius Kruger
|
0-0: Foul Ball, location: 2F 0-1: Ball 1-1: Called Strike 1-2: Foul Ball, location: 2F 1-2: Strikes out looking
|
Batting: RHB Ryan Criollo
|
0-0: Foul Ball, location: 2F 0-1: Called Strike 0-2: Strikes out swinging
|
Bottom of the 5th over - 0 runs, 0 hits, 0 errors, 0 left on base; Akron 2 - Jackson 1 |
TOP OF THE 6TH |
Akron RubberDucks batting - Pitching for Jackson Generals : RHP Devon Washington
|
Batting: LHB Kazuyoshi Nakamura
|
0-0: Called Strike 0-1: Swinging Strike 0-2: Ball 1-2: Ground out 5-3 (Groundball, 6S, EV 68.8 MPH)
|
Batting: RHB Carlos Abrego
|
0-0: Called Strike 0-1: Ball 1-1: Foul Ball, location: 2F 1-2: Ball 2-2: Ground out 3-1 (Groundball, 34, EV 84.4 MPH)
|
Batting: SHB Valentin Laporte
|
0-0: Called Strike 0-1: Ball 1-1: Ball 2-1: Called Strike 2-2: Strikes out looking
|
Top of the 6th over - 0 runs, 0 hits, 0 errors, 0 left on base; Akron 2 - Jackson 1 |
BOTTOM OF THE 6TH |
Jackson Generals batting - Pitching for Akron RubberDucks : RHP Gordie Pierson
|
Batting: LHB Brent Dutcher
|
0-0: Ball 1-0: Ball 2-0: Foul Ball, location: 2F 2-1: SINGLE (Groundball, 4S, EV 68.1 MPH) (infield hit)
|
Batting: RHB Julian Gregory
|
0-0: Foul Ball, location: 2F 0-1: Called Strike 0-2: Strikes out swinging
|
Batting: RHB Mike Conaway
|
0-0: Ball Brent Dutcher is caught stealing 2nd base 2-4 1-0: Foul Ball, location: 2F 1-1: Swinging Strike 1-2: Ground out 4-3 (Groundball, 4, EV 82.5 MPH)
|
Bottom of the 6th over - 0 runs, 1 hit, 0 errors, 0 left on base; Akron 2 - Jackson 1 |
TOP OF THE 7TH |
Akron RubberDucks batting - Pitching for Jackson Generals : RHP Devon Washington
|
Pitching: LHP Chan-u Lee
|
|
Pinch Hitting: RHB Kaoru Toda
|
0-0: Called Strike 0-1: Ball 1-1: Ball 2-1: Ball 3-1: Base on Balls
|
Batting: SHB Jarrod Lindblad
|
0-0: Ball 1-0: Bunt missed! 1-1: Called Strike Kaoru Toda steals 2nd base 1-2: Strikes out swinging, 2-3 out at first.
|
Batting: RHB Mitch Boyd
|
0-0: Ball 1-0: Ball 2-0: Called Strike 2-1: Ball 3-1: Base on Balls
|
Batting: RHB Joeri Plas
|
0-0: Called Strike 0-1: Swinging Strike 0-2: Ball 1-2: Foul Ball, location: 2F 1-2: Foul Ball, location: 2F 1-2: Fielders Choice at 2nd, 4-6 (Groundball, 4, EV 98.8 MPH) Kaoru Toda to third
|
Batting: SHB Edwin Dominguez
|
0-0: Ball 1-0: Called Strike 1-1: Ball 2-1: Swinging Strike 2-2: Strikes out looking
|
Top of the 7th over - 0 runs, 0 hits, 0 errors, 2 left on base; Akron 2 - Jackson 1 |
BOTTOM OF THE 7TH |
Jackson Generals batting - Pitching for Akron RubberDucks : RHP Gordie Pierson
|
Now in RF: Robby Dann
|
|
Batting: RHB Hideo Okimura
|
0-0: SINGLE (Groundball, 34D, EV 97.5 MPH)
|
Batting: RHB Adan Lake
|
0-0: Swinging Strike 0-1: Ball 1-1: Ball 2-1: Ball 3-1: Foul Ball, location: 2F 3-2: SINGLE (Line Drive, 4M, EV 96.2 MPH) Hideo Okimura to second
|
Batting: RHB Victor Rosas
|
0-0: Grounds into double play, 5-4-3 (Groundball, 56, EV 85.0 MPH) Hideo Okimura to third
|
Batting: RHB Ching-hsia Zhang
|
0-0: Called Strike 0-1: Foul Ball, location: 2F 0-2: Foul Ball, location: 2F 0-2: Strikes out looking
|
Bottom of the 7th over - 0 runs, 2 hits, 0 errors, 1 left on base; Akron 2 - Jackson 1 |
TOP OF THE 8TH |
Akron RubberDucks batting - Pitching for Jackson Generals : LHP Chan-u Lee
|
Pitching: RHP Jose Acevedo
|
|
Batting: LHB Nick Welling
|
0-0: Ball 1-0: Ground out 4-3 (Groundball, 4S, EV 90.6 MPH)
|
Batting: LHB Kazuyoshi Nakamura
|
0-0: SOLO HOME RUN (Flyball, 78XD, EV 115.0 MPH), Distance : 446 ft
|
Batting: RHB Carlos Abrego
|
0-0: Called Strike 0-1: Ground out U3 (Groundball, 3, EV 108.8 MPH)
|
Batting: SHB Valentin Laporte
|
0-0: Ball 1-0: Foul Ball, location: 2F 1-1: Called Strike 1-2: Foul Ball, location: 2F 1-2: Ball 2-2: Ground out U3 (Groundball, 34S, EV 84.4 MPH)
|
Top of the 8th over - 1 run, 1 hit, 0 errors, 0 left on base; Akron 3 - Jackson 1 |
BOTTOM OF THE 8TH |
Jackson Generals batting - Pitching for Akron RubberDucks : RHP Gordie Pierson
|
Now at 1B: Valentin Laporte
|
|
Now at 2B: Willie Gonzales
|
|
Batting: RHB Egidius Kruger
|
0-0: Ball 1-0: Ground out 1-3 (Groundball, 13S, EV 71.2 MPH)
|
Batting: RHB Ryan Criollo
|
0-0: Ground out 6-3 (Groundball, 6, EV 85.0 MPH)
|
Batting: LHB Brent Dutcher
|
0-0: Swinging Strike 0-1: Ball 1-1: Foul Ball, location: 2F 1-2: Strikes out swinging, 2-3 out at first.
|
Bottom of the 8th over - 0 runs, 0 hits, 0 errors, 0 left on base; Akron 3 - Jackson 1 |
TOP OF THE 9TH |
Akron RubberDucks batting - Pitching for Jackson Generals : RHP Jose Acevedo
|
Batting: LHB Robby Dann
|
0-0: Ball 1-0: Ground out 6-3 (Groundball, 4M, EV 81.9 MPH)
|
Batting: SHB Jarrod Lindblad
|
0-0: Called Strike 0-1: Ball 1-1: Called Strike 1-2: Ball 2-2: Strikes out swinging
|
Batting: RHB Mitch Boyd
|
0-0: Foul Ball, location: 2F 0-1: Ball 1-1: Ball 2-1: Ball 3-1: Base on Balls
|
Batting: RHB Joeri Plas
|
0-0: Ball Mitch Boyd is caught stealing 2nd base 2-4
|
Top of the 9th over - 0 runs, 0 hits, 0 errors, 0 left on base; Akron 3 - Jackson 1 |
BOTTOM OF THE 9TH |
Jackson Generals batting - Pitching for Akron RubberDucks : RHP Gordie Pierson
|
Pitching: RHP Jared Van Heel
|
|
Now at 1B: Willie Gonzales
|
|
Now at 2B: Tristan Wright
|
|
Batting: RHB Julian Gregory
|
0-0: Reached via error on a dropped throw from 1B, E1 (Groundball, 34, EV 80.0 MPH)
|
Batting: RHB Mike Conaway
|
0-0: Foul Ball, location: 2F 0-1: Grounds into double play, 5-4-3 (Groundball, 56S, EV 89.4 MPH)
|
Batting: RHB Hideo Okimura
|
0-0: Foul Ball, location: 2F 0-1: Foul Ball, location: 2F 0-2: Ball 1-2: DOUBLE (Flyball, 89XD, EV 108.8 MPH)
|
Batting: RHB Adan Lake
|
0-0: Foul Ball, location: 2F 0-1: Ball 1-1: Ground out 4-3 (Groundball, 4S, EV 90.0 MPH)
|
Bottom of the 9th over - 0 runs, 1 hit, 1 error, 1 left on base; Akron 3 - Jackson 1 |
|